| TOP OF THE 1ST |
|
Jackson Generals batting - Pitching for Montgomery Biscuits : RHP Steve Barrett
|
|
Pitching: RHP Steve Barrett
|
|
|
Batting: RHB Malik Brookshire
|
0-0: Called Strike 0-1: Ball 1-1: Ball 2-1: SINGLE (Groundball, 56D, EV 106.3 MPH)
|
|
Batting: RHB Sean Peake
|
0-0: Ball 1-0: Called Strike 1-1: Swinging Strike 1-2: Foul Ball, location: 2F 1-2: Strikes out swinging
|
|
Batting: LHB Jerrod Cluck
|
0-0: Ball 1-0: Ball Malik Brookshire steals 2nd, throwing error, E2 Malik Brookshire to third 2-0: Ball 3-0: Called Strike 3-1: Called Strike 3-2: SINGLE (Groundball, 6MD, EV 98.8 MPH) Malik Brookshire scores
|
|
Batting: LHB Cliff Thomas
|
0-0: Ball 1-0: Ball 2-0: Ball 3-0: Called Strike 3-1: Foul Ball, location: 2F 3-2: Strikes out swinging
|
|
Batting: RHB Tony Vargas
|
0-0: Called Strike 0-1: Ball 1-1: Ball 2-1: Ball 3-1: Base on Balls Jerrod Cluck to second
|
|
Batting: LHB Tom Reynolds
|
0-0: Called Strike 0-1: Swinging Strike 0-2: Ball 1-2: Ball 2-2: Ground out U3 (Groundball, 34, EV 91.3 MPH)
|
| Top of the 1st over - 1 run, 2 hits, 1 error, 2 left on base; Jackson 1 - Montgomery 0 |
| BOTTOM OF THE 1ST |
|
Montgomery Biscuits batting - Pitching for Jackson Generals : RHP Chris Gilbo
|
|
Pitching: RHP Chris Gilbo
|
|
|
Batting: RHB Steve French
|
0-0: Ball 1-0: Fly out, F9 (Line Drive, 9, EV 108.1 MPH)
|
|
Batting: LHB Austin Ohmer
|
0-0: Called Strike 0-1: Ball 1-1: Ball 2-1: Foul Ball, location: 2F 2-2: SOLO HOME RUN (Line Drive, 9D, EV 102.5 MPH), Distance : 391 ft
|
|
Batting: RHB Wing-kit Bu
|
0-0: Ball 1-0: Swinging Strike 1-1: Ball 2-1: Ground out U3 (Groundball, 3S, EV 86.9 MPH)
|
|
Batting: SHB Brett McEwen
|
0-0: Ball 1-0: Swinging Strike 1-1: SINGLE (Line Drive, 7LS, EV 93.1 MPH)
|
|
Batting: SHB Willie Koviak
|
0-0: Fly out, F5 (Popup, 5F, EV 59.4 MPH)
|
| Bottom of the 1st over - 1 run, 2 hits, 0 errors, 1 left on base; Jackson 1 - Montgomery 1 |
| TOP OF THE 2ND |
|
Jackson Generals batting - Pitching for Montgomery Biscuits : RHP Steve Barrett
|
|
Batting: RHB Harutomi Matsubara
|
0-0: Called Strike 0-1: Foul Ball, location: 2F 0-2: Strikes out swinging
|
|
Batting: LHB Dwain Ashford
|
0-0: Swinging Strike 0-1: Ground out 4-3 (Groundball, 34D, EV 77.5 MPH)
|
|
Batting: RHB Brad Robidas
|
0-0: Ball 1-0: Ground out U3 (Groundball, 34S, EV 91.9 MPH)
|
| Top of the 2nd over - 0 runs, 0 hits, 0 errors, 0 left on base; Jackson 1 - Montgomery 1 |
| BOTTOM OF THE 2ND |
|
Montgomery Biscuits batting - Pitching for Jackson Generals : RHP Chris Gilbo
|
|
Batting: LHB Barnabé Metrass
|
0-0: Called Strike 0-1: Foul Ball, location: 2F 0-2: Foul Ball, location: 2F 0-2: Strikes out looking
|
|
Batting: RHB Sczlopy Hed
|
0-0: Called Strike 0-1: Ball 1-1: Ball 2-1: Ball 3-1: Base on Balls
|
|
Batting: RHB Cal Winters
|
0-0: Ball 1-0: Called Strike 1-1: Ball 2-1: Ball 3-1: Called Strike 3-2: Base on Balls Sczlopy Hed to second
|
|
Batting: RHB Devin Brown
|
0-0: Ball 1-0: Foul Ball, location: 2F 1-1: Swinging Strike 1-2: Foul Ball, location: 2F 1-2: Strikes out swinging
|
|
Batting: RHB Steve French
|
0-0: Ball 1-0: Ball 2-0: Ball 3-0: Called Strike 3-1: Foul Ball, location: 2F 3-2: Base on Balls Sczlopy Hed to third Cal Winters to second
|
|
Batting: LHB Austin Ohmer
|
0-0: Foul Ball, location: 2F 0-1: Foul Ball, location: 2F 0-2: Ball 1-2: Ball 2-2: Fly out, F7 (Flyball, 7LM, EV 90.6 MPH)
|
| Bottom of the 2nd over - 0 runs, 0 hits, 0 errors, 3 left on base; Jackson 1 - Montgomery 1 |
| TOP OF THE 3RD |
|
Jackson Generals batting - Pitching for Montgomery Biscuits : RHP Steve Barrett
|
|
Batting: RHB Malik Brookshire
|
0-0: Called Strike 0-1: Swinging Strike 0-2: SINGLE (Groundball, 56D, EV 94.4 MPH)
|
|
Batting: RHB Sean Peake
|
0-0: Ball 1-0: Foul Ball, location: 2F 1-1: Swinging Strike 1-2: Strikes out swinging
|
|
Batting: LHB Jerrod Cluck
|
0-0: Ball 1-0: Called Strike Malik Brookshire steals 2nd base 1-1: Ball 2-1: Foul Ball, location: 2F 2-2: Ball 3-2: Strikes out swinging
|
|
Batting: LHB Cliff Thomas
|
0-0: Fly out, F5 (Popup, 6S, EV 84.4 MPH)
|
| Top of the 3rd over - 0 runs, 1 hit, 0 errors, 1 left on base; Jackson 1 - Montgomery 1 |
| BOTTOM OF THE 3RD |
|
Montgomery Biscuits batting - Pitching for Jackson Generals : RHP Chris Gilbo
|
|
Batting: RHB Wing-kit Bu
|
0-0: Swinging Strike 0-1: Foul Ball, location: 2F 0-2: Ground out 5-3 (Groundball, 5, EV 84.4 MPH)
|
|
Batting: SHB Brett McEwen
|
0-0: Ball 1-0: SINGLE (Groundball, 4MD, EV 98.1 MPH)
|
|
Batting: SHB Willie Koviak
|
0-0: Ball 1-0: Ball 2-0: Ball 3-0: Base on Balls Brett McEwen to second
|
|
Batting: LHB Barnabé Metrass
|
0-0: SINGLE (Groundball, 56D, EV 94.4 MPH) Brett McEwen to third Willie Koviak to second Runner from 3rd tries for Home, SAFE, throw by LF to home
|
|
Batting: RHB Sczlopy Hed
|
0-0: Foul Ball, location: 2F 0-1: Foul Ball, location: 2F 0-2: Fielders Choice at 2nd, 5-4 (Groundball, 56S, EV 86.3 MPH) Willie Koviak to third
|
|
Batting: RHB Cal Winters
|
0-0: Called Strike 0-1: Foul Ball, location: 2F 0-2: Strikes out looking
|
| Bottom of the 3rd over - 1 run, 2 hits, 0 errors, 2 left on base; Jackson 1 - Montgomery 2 |
| TOP OF THE 4TH |
|
Jackson Generals batting - Pitching for Montgomery Biscuits : RHP Steve Barrett
|
|
Batting: RHB Tony Vargas
|
0-0: Fly out, F8 (Flyball, 89M, EV 86.3 MPH)
|
|
Batting: LHB Tom Reynolds
|
0-0: Ball 1-0: Foul Ball, location: 2F 1-1: Ball 2-1: Called Strike 2-2: Ball 3-2: Foul Ball, location: 2F 3-2: Base on Balls
|
|
Batting: RHB Harutomi Matsubara
|
0-0: Fly out, F7 (Flyball, 7S, EV 75.6 MPH)
|
|
Batting: LHB Dwain Ashford
|
0-0: Called Strike 0-1: Called Strike 0-2: Ball 1-2: Ball 2-2: Foul Ball, location: 2F 2-2: Strikes out swinging
|
| Top of the 4th over - 0 runs, 0 hits, 0 errors, 1 left on base; Jackson 1 - Montgomery 2 |
| BOTTOM OF THE 4TH |
|
Montgomery Biscuits batting - Pitching for Jackson Generals : RHP Chris Gilbo
|
|
Batting: RHB Devin Brown
|
0-0: Ball 1-0: Foul Ball, location: 2F 1-1: Ball 2-1: Ground out 4-3 (Groundball, 4S, EV 75.0 MPH)
|
|
Batting: RHB Steve French
|
0-0: DOUBLE (Line Drive, 7LS, EV 105.0 MPH)
|
|
Batting: LHB Austin Ohmer
|
0-0: Ground out 4-3 (Groundball, 4, EV 80.0 MPH) Steve French to third
|
|
Batting: RHB Wing-kit Bu
|
0-0: Ground out 6-3 (Groundball, 6S, EV 75.0 MPH)
|
| Bottom of the 4th over - 0 runs, 1 hit, 0 errors, 1 left on base; Jackson 1 - Montgomery 2 |
| TOP OF THE 5TH |
|
Jackson Generals batting - Pitching for Montgomery Biscuits : RHP Steve Barrett
|
|
Batting: RHB Brad Robidas
|
0-0: Called Strike 0-1: Called Strike 0-2: Ball 1-2: Foul Ball, location: 2F 1-2: Ground out 4-3 (Groundball, 4, EV 99.4 MPH)
|
|
Batting: RHB Malik Brookshire
|
0-0: Called Strike 0-1: Ground out 5-3 (Groundball, 56, EV 81.3 MPH)
|
|
Batting: RHB Sean Peake
|
0-0: Called Strike 0-1: Called Strike 0-2: Strikes out looking
|
| Top of the 5th over - 0 runs, 0 hits, 0 errors, 0 left on base; Jackson 1 - Montgomery 2 |
| BOTTOM OF THE 5TH |
|
Montgomery Biscuits batting - Pitching for Jackson Generals : RHP Chris Gilbo
|
|
Batting: SHB Brett McEwen
|
0-0: Ball 1-0: SOLO HOME RUN (Flyball, 9LD, EV 93.8 MPH), Distance : 347 ft
|
|
Batting: SHB Willie Koviak
|
0-0: Called Strike 0-1: Called Strike 0-2: Foul Ball, location: 2F 0-2: Ball 1-2: Ball 2-2: Ground out 4-3 (Groundball, 4, EV 90.0 MPH)
|
|
Batting: LHB Barnabé Metrass
|
0-0: Swinging Strike 0-1: Swinging Strike 0-2: Strikes out swinging
|
|
Batting: RHB Sczlopy Hed
|
0-0: Called Strike 0-1: Foul Ball, location: 2F 0-2: Foul Ball, location: 2F 0-2: Ball 1-2: Ball 2-2: Ball 3-2: Foul Ball, location: 2F 3-2: Strikes out looking
|
| Bottom of the 5th over - 1 run, 1 hit, 0 errors, 0 left on base; Jackson 1 - Montgomery 3 |
| TOP OF THE 6TH |
|
Jackson Generals batting - Pitching for Montgomery Biscuits : RHP Steve Barrett
|
|
Batting: LHB Jerrod Cluck
|
0-0: Foul Ball, location: 2F 0-1: Ball 1-1: Ball 2-1: Foul Ball, location: 2F 2-2: Foul Ball, location: 2F 2-2: Strikes out swinging
|
|
Batting: LHB Cliff Thomas
|
0-0: Ball 1-0: Called Strike 1-1: Foul Ball, location: 2F 1-2: Strikes out swinging
|
|
Batting: RHB Tony Vargas
|
0-0: Called Strike 0-1: Called Strike 0-2: Strikes out swinging
|
| Top of the 6th over - 0 runs, 0 hits, 0 errors, 0 left on base; Jackson 1 - Montgomery 3 |
| BOTTOM OF THE 6TH |
|
Montgomery Biscuits batting - Pitching for Jackson Generals : RHP Chris Gilbo
|
|
Pitching: RHP Aidan Martin
|
|
|
Batting: RHB Cal Winters
|
0-0: Fly out, F7 (Flyball, 7LM, EV 76.3 MPH)
|
|
Batting: RHB Devin Brown
|
0-0: Foul Ball, location: 2F 0-1: Foul Ball, location: 2F 0-2: Strikes out swinging
|
|
Batting: RHB Steve French
|
0-0: Swinging Strike 0-1: Ball 1-1: Ball 2-1: Foul Ball, location: 2F 2-2: Ball 3-2: Ground out U3 (Groundball, 34S, EV 88.1 MPH)
|
| Bottom of the 6th over - 0 runs, 0 hits, 0 errors, 0 left on base; Jackson 1 - Montgomery 3 |
| TOP OF THE 7TH |
|
Jackson Generals batting - Pitching for Montgomery Biscuits : RHP Steve Barrett
|
|
Batting: LHB Tom Reynolds
|
0-0: SINGLE (Groundball, 4D, EV 98.1 MPH)
|
|
Batting: RHB Harutomi Matsubara
|
0-0: Called Strike 0-1: Sac Bunt to 23 - play at first, batter OUT! 3-4 Tom Reynolds to second
|
|
Batting: LHB Dwain Ashford
|
0-0: SINGLE (Groundball, 34, EV 97.5 MPH) Tom Reynolds to third Runner from 3rd tries for Home, SAFE, throw by RF to home
|
|
Pinch Hitting: LHB Matt Purke Jr.
|
0-0: Ball 1-0: Ball 2-0: Called Strike 2-1: Called Strike 2-2: Foul Ball, location: 2F 2-2: Strikes out looking
|
|
Batting: RHB Malik Brookshire
|
0-0: Swinging Strike 0-1: Ground out 4-3 (Groundball, 4, EV 96.3 MPH)
|
| Top of the 7th over - 1 run, 2 hits, 0 errors, 1 left on base; Jackson 2 - Montgomery 3 |
| BOTTOM OF THE 7TH |
|
Montgomery Biscuits batting - Pitching for Jackson Generals : RHP Aidan Martin
|
|
Now at 3B: Jesus Torres
|
|
|
Batting: LHB Austin Ohmer
|
0-0: Ball 1-0: SINGLE (Groundball, 34D, EV 104.4 MPH)
|
|
Batting: RHB Wing-kit Bu
|
0-0: Ball Austin Ohmer is caught stealing 2nd base 2-4 1-0: Ball 2-0: Ground out 3-1 (Groundball, 34, EV 105.0 MPH)
|
|
Batting: SHB Brett McEwen
|
0-0: Ball 1-0: Foul Ball, location: 2F 1-1: Fly out, F7 (Flyball, 7D, EV 82.5 MPH)
|
| Bottom of the 7th over - 0 runs, 1 hit, 0 errors, 0 left on base; Jackson 2 - Montgomery 3 |
| TOP OF THE 8TH |
|
Jackson Generals batting - Pitching for Montgomery Biscuits : RHP Steve Barrett
|
|
Batting: RHB Sean Peake
|
0-0: Ball 1-0: Foul Ball, location: 2F 1-1: Foul Ball, location: 2F 1-2: Foul Ball, location: 2F 1-2: Ball 2-2: Foul Ball, location: 2F 2-2: Foul Ball, location: 2F 2-2: Ground out 4-3 (Groundball, 4, EV 90.0 MPH)
|
|
Pitching: RHP Miguel Romero
|
|
|
Batting: LHB Jerrod Cluck
|
0-0: Called Strike 0-1: Ball 1-1: Foul Ball, location: 2F 1-2: Foul Ball, location: 2F 1-2: Ball 2-2: SINGLE (Groundball, 6MD, EV 98.8 MPH)
|
|
Batting: LHB Cliff Thomas
|
0-0: Foul Ball, location: 2F 0-1: Swinging Strike 0-2: Ball 1-2: Ball 2-2: Strikes out swinging
|
|
Batting: RHB Tony Vargas
|
0-0: Called Strike 0-1: Foul Ball, location: 2F 0-2: Strikes out swinging
|
| Top of the 8th over - 0 runs, 1 hit, 0 errors, 1 left on base; Jackson 2 - Montgomery 3 |
| BOTTOM OF THE 8TH |
|
Montgomery Biscuits batting - Pitching for Jackson Generals : RHP Aidan Martin
|
|
Pitching: RHP Mark Case
|
|
|
Batting: SHB Willie Koviak
|
0-0: Ball 1-0: Called Strike 1-1: Ball 2-1: Foul Ball, location: 2F 2-2: Strikes out swinging
|
|
Batting: LHB Barnabé Metrass
|
0-0: Called Strike 0-1: Ball 1-1: Called Strike 1-2: Foul Ball, location: 2F 1-2: Strikes out swinging
|
|
Batting: RHB Sczlopy Hed
|
0-0: Ball 1-0: Called Strike 1-1: Ball 2-1: Ball 3-1: Called Strike 3-2: Foul Ball, location: 2F 3-2: Foul Ball, location: 2F 3-2: Foul Ball, location: 2F 3-2: Base on Balls
|
|
Batting: RHB Cal Winters
|
0-0: Ground out 4-3 (Groundball, 4S, EV 85.0 MPH)
|
| Bottom of the 8th over - 0 runs, 0 hits, 0 errors, 1 left on base; Jackson 2 - Montgomery 3 |
| TOP OF THE 9TH |
|
Jackson Generals batting - Pitching for Montgomery Biscuits : RHP Miguel Romero
|
|
Pitching: LHP Sam Wesman
|
|
|
Batting: LHB Tom Reynolds
|
0-0: Ball 1-0: Called Strike 1-1: Ball 2-1: Ball 3-1: Base on Balls
|
|
Batting: RHB Harutomi Matsubara
|
0-0: Sac Bunt to 13 - play at first, batter OUT! 1-4 Tom Reynolds to second
|
|
Batting: RHB Micah Roth
|
0-0: Foul Ball, location: 2F 0-1: TRIPLE (Flyball, 89XD, EV 100.0 MPH) Tom Reynolds scores
|
|
Batting: RHB Jesus Torres
|
0-0: Ball 1-0: Ball 2-0: Ball 3-0: Base on Balls
|
|
Batting: RHB Malik Brookshire
|
0-0: Called Strike Jesus Torres steals 2nd base (no throw) 0-1: Swinging Strike 0-2: Ground out 4-3 (Groundball, 34, EV 85.6 MPH)
|
|
Batting: RHB Sean Peake
|
0-0: Ball 1-0: Called Strike 1-1: Fly out, F9 (Flyball, 89M, EV 85.6 MPH)
|
| Top of the 9th over - 1 run, 1 hit, 0 errors, 2 left on base; Jackson 3 - Montgomery 3 |
| BOTTOM OF THE 9TH |
|
Montgomery Biscuits batting - Pitching for Jackson Generals : RHP Mark Case
|
|
Pitching: RHP Yic Chen
|
|
|
Batting: RHB Devin Brown
|
0-0: Ball 1-0: Ball 2-0: Foul Ball, location: 2F 2-1: Foul Ball, location: 2F 2-2: Ground out 5-3 (Groundball, 56, EV 101.9 MPH)
|
|
Batting: RHB Steve French
|
0-0: Ball 1-0: Foul Ball, location: 2F 1-1: SINGLE (Groundball, 5S, EV 71.3 MPH) (infield hit)
|
|
Batting: LHB Austin Ohmer
|
0-0: Ball 1-0: Swinging Strike 1-1: Foul Ball, location: 2F 1-2: Ball 2-2: Ball 3-2: Strikes out looking
|
|
Batting: RHB Wing-kit Bu
|
0-0: Ball 1-0: Called Strike 1-1: Ball 2-1: Foul Ball, location: 2F 2-2: SINGLE (Groundball, 4MD, EV 105.6 MPH) Steve French to second Runner from 2nd tries for 3rd, OUT! 8-5
|
| Bottom of the 9th over - 0 runs, 2 hits, 0 errors, 1 left on base; Jackson 3 - Montgomery 3 |
| TOP OF THE 10TH |
|
Jackson Generals batting - Pitching for Montgomery Biscuits : LHP Sam Wesman
|
|
Pitching: RHP Josh Heath
|
|
|
Batting: LHB Jerrod Cluck
|
0-0: Called Strike 0-1: Foul Ball, location: 2F 0-2: Strikes out looking
|
|
Batting: LHB Cliff Thomas
|
0-0: Ball 1-0: Swinging Strike 1-1: Foul Ball, location: 2F 1-2: Strikes out looking
|
|
Batting: RHB Tony Vargas
|
0-0: Called Strike 0-1: Ball 1-1: Ball 2-1: Foul Ball, location: 2F 2-2: Strikes out swinging
|
| Top of the 10th over - 0 runs, 0 hits, 0 errors, 0 left on base; Jackson 3 - Montgomery 3 |
| BOTTOM OF THE 10TH |
|
Montgomery Biscuits batting - Pitching for Jackson Generals : RHP Yic Chen
|
|
Pitching: RHP Victor Cervantes
|
|
|
Batting: SHB Brett McEwen
|
0-0: Called Strike 0-1: Ball 1-1: Ball 2-1: Ball 3-1: Base on Balls
|
|
Batting: SHB Willie Koviak
|
0-0: Called Strike 0-1: Ball 1-1: Swinging Strike 1-2: Ball 2-2: Ball 3-2: Foul Ball, location: 2F 3-2: Strikes out swinging
|
|
Batting: LHB Barnabé Metrass
|
0-0: Ball 1-0: Swinging Strike 1-1: Ball 2-1: Foul Ball, location: 2F 2-2: Strikes out swinging
|
|
Batting: RHB Sczlopy Hed
|
0-0: Called Strike 0-1: Foul Ball, location: 2F 0-2: Ball 1-2: Strikes out swinging, 2-3 out at first.
|
| Bottom of the 10th over - 0 runs, 0 hits, 0 errors, 1 left on base; Jackson 3 - Montgomery 3 |
| TOP OF THE 11TH |
|
Jackson Generals batting - Pitching for Montgomery Biscuits : RHP Josh Heath
|
|
Pitching: RHP Joey Morrison
|
|
|
Batting: LHB Tom Reynolds
|
0-0: Foul Ball, location: 2F 0-1: Ball 1-1: Ball 2-1: Ball 3-1: Base on Balls
|
|
Batting: RHB Harutomi Matsubara
|
0-0: Sac Bunt to P - play at first, batter OUT! 1-4 Tom Reynolds to second
|
|
Batting: LHB Justin Long
|
0-0: Intentional Walk
|
|
Batting: RHB Jesus Torres
|
0-0: Called Strike 0-1: Foul Ball, location: 2F 0-2: Ball 1-2: Strikes out swinging
|
|
Batting: RHB Malik Brookshire
|
0-0: Called Strike 0-1: Ball 1-1: Foul Ball, location: 2F 1-2: Foul Ball, location: 2F 1-2: Foul Ball, location: 2F 1-2: Foul Ball, location: 2F 1-2: Strikes out swinging
|
| Top of the 11th over - 0 runs, 0 hits, 0 errors, 2 left on base; Jackson 3 - Montgomery 3 |
| BOTTOM OF THE 11TH |
|
Montgomery Biscuits batting - Pitching for Jackson Generals : RHP Victor Cervantes
|
|
Pitching: RHP Kurt Loscalzo
|
|
|
Pinch Hitting: LHB David Seminario
|
0-0: Called Strike 0-1: Ball 1-1: Foul Ball, location: 2F 1-2: Strikes out swinging
|
|
Batting: RHB Devin Brown
|
0-0: Foul Ball, location: 2F 0-1: Ground out 4-3 (Groundball, 4, EV 87.5 MPH)
|
|
Batting: RHB Steve French
|
0-0: Ball 1-0: Called Strike 1-1: Ball 2-1: Ball 3-1: Called Strike 3-2: Base on Balls
|
|
Batting: LHB Austin Ohmer
|
0-0: Swinging Strike 0-1: Ball 1-1: Ball 2-1: Swinging Strike 2-2: Ball 3-2: Fly out, F7 (Line Drive, 7D, EV 85.6 MPH)
|
| Bottom of the 11th over - 0 runs, 0 hits, 0 errors, 1 left on base; Jackson 3 - Montgomery 3 |
| TOP OF THE 12TH |
|
Jackson Generals batting - Pitching for Montgomery Biscuits : RHP Joey Morrison
|
|
Now in RF: Alfredo Moreno
|
|
|
Pinch Hitting: LHB Ignacio Bernal
|
0-0: Called Strike 0-1: Foul Ball, location: 2F 0-2: Ball 1-2: Strikes out swinging
|
|
Batting: LHB Jerrod Cluck
|
0-0: Ball 1-0: Ball 2-0: Swinging Strike 2-1: Ball 3-1: Base on Balls
|
|
Batting: LHB Cliff Thomas
|
0-0: Called Strike 0-1: Ball 1-1: Ball 2-1: Foul Ball, location: 2F 2-2: Ball 3-2: Grounds into double play, 4-6-3 (Groundball, 34, EV 105.0 MPH)
|
| Top of the 12th over - 0 runs, 0 hits, 0 errors, 0 left on base; Jackson 3 - Montgomery 3 |
| BOTTOM OF THE 12TH |
|
Montgomery Biscuits batting - Pitching for Jackson Generals : RHP Kurt Loscalzo
|
|
Now in CF: Ignacio Bernal
|
|
|
Batting: RHB Wing-kit Bu
|
0-0: Ball 1-0: Called Strike 1-1: Ball 2-1: Foul Ball, location: 2F 2-2: DOUBLE (Groundball, 5L, EV 103.1 MPH)
|
|
Pitching: RHP Tony Holley
|
|
|
Batting: SHB Brett McEwen
|
0-0: Swinging Strike 0-1: Called Strike 0-2: Ball 1-2: Foul Ball, location: 2F 1-2: DOUBLE (Groundball, 3L, EV 95.0 MPH) Wing-kit Bu scores
|
| Bottom of the 12th over - 1 run, 2 hits, 0 errors, 0 left on base; Jackson 3 - Montgomery 4 |
| |
|
Game Over ... Montgomery defeats Jackson, 4 to 3
|
|
|